cohdb
Replays
Latest Replays
All Replays
Popular Replays
Top Player Replays
Match Explorer
How It Works
Community
CoH3 Stats
Reddit
Sign in to upload your games and track your stats! →
Sign in with Steam
Match 42448703
Unlisted
Match 42448703
Overview
Messages
Build Orders
End
Kradschützen Motorcycle Team
Selects Armored Support Battlegroup
Panzerpioneer Squad
Panzergrenadier Squad
Panzergrenadier Squad
250 Light Carrier
Construct Light Support Kompanie
Fire Support Elements
Selects Salvage Kits
Assault Grenadier Squad
Flakvierling Half-track
Panzerjäger Mechanized Group
Selects Veteran Gunners
2.5-tonne Medical Truck
Trion
DeSack'O'Potatoes
0
0
Comments
sign in to comment!
No comments posted yet!